 Dungeon Crawl Stone Soup version 0.14.0-26-g1682e81 (webtiles) character file.

25842 Heini the Severer (level 13, -7/122 HPs)
             Began as a Hill Orc Fighter on Apr 26, 2014.
             Was a High Priest of Okawaru.
             Mangled by an orc wizard
             ... wielding a +1,+2 dagger of electrocution
              (17 damage)
             ... on Level 3 of the Orcish Mines.
             The game lasted 01:41:26 (19949 turns).

Heini the Severer (Hill Orc Fighter)               Turns: 19949, Time: 01:41:27

HP  -7/122       AC 26     Str 24      XL: 13   Next: 11%
MP   3/4         EV  7     Int  8      God: Okawaru [*****.]
Gold 1730        SH  0     Dex 10      Spells:  0 memorised, 12 levels left

rFire  + . .     SeeInvis +     M - +3,-1 executioner's axe (antimagic)
rCold  . . .     Clarity  .     F - +0 plate armour
rNeg   + . .     Conserve .     (no shield)
rPois  .         rCorr    .     W - +1 helmet {SInv}
rElec  .         rRot     .     i - +2 cloak
SustAb . .       Spirit   .     D - +1 pair of gloves
rMut   .         Warding  +     (no boots)
Saprov + . .     Stasis   .     K - amulet of warding
MR     .....                    (no ring)
                                x - ring of protection from fire

@: heroism, not resistant to hostile enchantments, extremely unstealthy
A: saprovore 1
a: Heroism, Finesse, Renounce Religion, Convert to Beogh


You were on level 3 of the Orcish Mines.
You worshipped Okawaru.
Okawaru was extremely pleased with you.
You were not hungry.

You visited 4 branches of the dungeon, and saw 20 of its levels.

You collected 1730 gold pieces.

Inventory:

Hand weapons
 H - a +1,+1 hand axe of flaming
 M - a +3,-1 anti-magic executioner's axe (weapon)
Missiles
 l - 24 stones (quivered)
Armour
 i - a +2 cloak (worn)
 D - a +1 pair of gloves (worn)
 F - a +0 plate armour (worn)
 W - a +1 helmet of see invisible (worn)
Magical devices
 c - a wand of random effects (22) {unknown}
 e - a wand of random effects (13) {unknown}
 G - a wand of cold (5) {unknown}
 I - a wand of polymorph (10) {unknown}
 O - a wand of confusion (11)
 R - a wand of cold (3) {unknown}
Comestibles
 f - 11 bread rations
 k - 20 sultanas
 m - a pear
 r - 6 honeycombs
 z - 3 meat rations
 B - 3 lemons
 E - a rambutan
 Q - 3 cheeses
 S - 2 apples
 T - 4 chunks of orc flesh
 U - 2 rotting chunks of orc flesh
Scrolls
 g - a scroll of immolation {unknown}
 h - a scroll of recharging
 j - a scroll of magic mapping
 n - 3 scrolls of blinking
 o - 2 scrolls of fear
 p - a scroll of identify
 s - 4 scrolls of teleportation
 t - a scroll of amnesia
 y - 5 scrolls of remove curse {unknown}
 A - a scroll of silence {unknown}
 N - 3 scrolls of enchant weapon II {unknown}
Jewellery
 x - a ring of protection from fire (left hand)
 K - an amulet of warding (around neck)
 V - an uncursed ring of ice
Potions
 a - a potion of flight
 b - a potion of cure mutation
 d - a potion of berserk rage
 q - 2 potions of heal wounds
 u - 2 potions of brilliance
 v - a potion of haste
 w - 6 potions of curing
 C - a potion of agility
 J - a potion of mutation {unknown}
 L - a potion of restore abilities
 P - 2 potions of porridge


   Skills:
 * Level 13.3(18.3) Fighting
 * Level 19.0(24.0) Axes
 + Level 0.2(5.2) Throwing
 * Level 11.2(16.2) Armour
 - Level 0.1(5.1) Dodging
   Level 3.4(8.4) Shields
 + Level 0.6 Invocations


You had 12 spell levels left.
You didn't know any spells.

Dungeon Overview and Level Annotations

Branches:
Dungeon (10/15)            Temple (1/1) D:6             Orc (4/4) D:10
   Lair (5/8) D:9
    Elf: Orc:3-4      Swamp: Lair:3-6    Shoals: Lair:3-6     Snake: Lair:3-6
 Spider: Lair:3-6

Altars:
Ashenzari
Cheibriados
Dithmenos
Fedhas
Kikubaaqudgha
Makhleb
Nemelex Xobeh
Okawaru
Sif Muna
Trog
Vehumet
Xom
Zin
The Shining One

Shops:
Orc:3 }


Innate Abilities, Weirdness & Mutations

You can tolerate rotten meat.


Message History

Okawaru accepts your kill.
The orc wizard hits you but does no damage.
You are electrocuted!
* * * LOW HITPOINT WARNING * * *
The orc priest looks braver.
The orc hits you but does no damage.
Drink which item? (? for menu, Esc to quit)
You feel much better.
The orc wizard becomes somewhat translucent.
The orc warrior hits you but does no damage.
The orc priest mumbles some strange prayers to Beogh against you.
Something smites you!
* * * LOW HITPOINT WARNING * * *
The orc wizard casts a spell at you. The magic dart hits you!
The orc hits you from afar with a trident.
* * * LOW HITPOINT WARNING * * *
The orc wizard hits you but does no damage.
You are electrocuted!
You die...

#...
..........
...#........
.............
#.....#.......
.......o.<...
...o......#
##)oo.......
#)>@........
#)))........
.............
##.#....#.....
##....###...#
##.### ... ##
.


You could see an orc warrior, an orc priest, an orc wizard and an orc.

Vanquished Creatures
  Fannar (Orc:4)
  Harold (Lair:1)
  Erica (Orc:4)
  2 hill giants (D:10)
  A griffon (Lair:2)
  A cyclops (Orc:3)
  Maurice (D:8)
  3 black mambas
  5 spiny frogs
  2 gargoyles (D:10)
  Psyche (D:10)
  A troll (D:10)
  The ghost of Gravenous the Poker, an average OpSk (D:4)
  6 blink frogs (Lair:2)
  A basilisk (Lair:3)
  6 yaks (Lair:4)
  An elephant slug (Lair:2)
  A shark (Lair:2)
  2 hippogriffs
  A steam dragon (D:9)
  A wraith (D:10)
  A warg (Orc:3)
  Edmund (D:7)
  Menkaure (D:7)
  11 porcupines
  9 water moccasins
  4 ice beasts
  5 black bears
  A sky beast (D:9)
  A spider (D:10)
  A giant goldfish (Lair:4)
  3 yellow wasps (D:10)
  4 centaurs
  9 ogres
  22 orc warriors
  6 crocodiles
  10 big kobolds (D:8)
  2 giant slugs
  A brain worm (D:10)
  Blork the orc (D:8)
  A gnoll sergeant (D:6)
  4 scorpions
  14 giant frogs
  4 wights
  An electric eel (Lair:2)
  3 crimson imps
  3 jellies
  3 hounds
  34 orc priests
  Crazy Yiuf (D:2)
  12 iguanas
  A kobold skeleton (D:8)
  5 worker ants
  21 orc wizards
  An elf skeleton (D:8)
  21 sheep
  An ogre zombie (D:6)
  Ijyb (D:2)
  An ogre skeleton (D:10)
  A hound skeleton (D:4)
  A mummy (D:8)
  14 adders
  2 orc skeletons (D:8)
  8 gnolls
  An orc zombie (D:10)
  3 shadow imps
  34 green rats
  7 worms
  3 giant mites
  2 giant eyeballs
  8 giant geckos
  190 orcs
  2 ball pythons
  6 giant cockroaches
  30 goblins
  22 hobgoblins
  20 jackals
  39 kobolds
  An ooze (D:2)
  10 quokkas
  22 bats
  A giant gecko skeleton (D:5)
  3 giant newts (D:2)
  A goblin skeleton (D:5)
  2 hobgoblin zombies
  14 rats
  A rat skeleton (D:5)
  3 fungi (Lair:3)
  3 plants
719 creatures vanquished.

Vanquished Creatures (collateral kills)
  A hobgoblin skeleton (D:8)
1 creature vanquished.

Vanquished Creatures (others)
  A fungus (Lair:4)
1 creature vanquished.

Grand Total: 721 creatures vanquished

Notes
Turn   | Place    | Note
--------------------------------------------------------------
     0 | D:1      | Heini, the Hill Orc Fighter, began the quest for the Orb.
     0 | D:1      | Reached XP level 1. HP: 19/19 MP: 1/1
   216 | D:1      | Reached XP level 2. HP: 27/27 MP: 2/2
   521 | D:2      | Reached skill level 4 in Fighting
   675 | D:2      | Reached XP level 3. HP: 23/33 MP: 3/3
   968 | D:2      | Noticed Crazy Yiuf
   980 | D:2      | Paralysed by Crazy Yiuf for 4 turns
   984 | D:2      | Killed Crazy Yiuf
   984 | D:2      | Reached XP level 4. HP: 15/41 MP: 4/4
  1342 | D:2      | Noticed Ijyb
  1355 | D:2      | Killed Ijyb
  1663 | D:3      | Reached XP level 5. HP: 42/47 MP: 5/5
  1796 | D:3      | Found a shimmering altar of Xom.
  1990 | D:3      | Reached skill level 5 in Fighting
  1990 | D:3      | Reached skill level 5 in Axes
  1992 | D:3      | Reached XP level 6. HP: 17/56 MP: 6/6
  1993 | D:3      | Reached skill level 5 in Armour
  2658 | D:4      | Noticed Gravenous' ghost (average OpSk)
  2658 | D:4      | Paralysed by a giant eyeball for 2 turns
  3085 | D:4      | Killed Gravenous' ghost
  3085 | D:4      | Reached skill level 6 in Axes
  3085 | D:4      | Reached XP level 7. HP: 46/61 MP: 7/7
  3476 | D:5      | Entered Level 5 of the Dungeon
  3792 | D:5      | Reached skill level 7 in Axes
  4043 | D:5      | Reached XP level 8. HP: 62/70 MP: 8/8
  4425 | D:6      | Reached skill level 8 in Axes
  4695 | D:6      | Found a staircase to the Ecumenical Temple.
  4990 | D:6      | Reached skill level 9 in Axes
  5567 | D:6      | Reached XP level 9. HP: 71/79 MP: 9/9
  5826 | D:6      | Reached skill level 10 in Axes
  5868 | Temple   | Entered the Ecumenical Temple
  5872 | Temple   | Became a worshipper of Warmaster Okawaru
  6681 | D:7      | Found a sparkling altar of Nemelex Xobeh.
  6879 | D:7      | Noticed Edmund
  6903 | D:7      | Killed Edmund
  6903 | D:7      | Reached skill level 11 in Axes
  7237 | D:7      | Noticed Menkaure
  7256 | D:7      | Killed Menkaure
  7827 | D:8      | Noticed Maurice
  7845 | D:8      | Acquired Okawaru's first power
  7894 | D:8      | Killed Maurice
  7894 | D:8      | Reached skill level 12 in Axes
  7894 | D:8      | Reached XP level 10. HP: 53/91 MP: 10/10
  8021 | D:8      | Paralysed by a giant eyeball for 2 turns
  8313 | D:8      | Noticed Blork the orc
  8319 | D:8      | Killed Blork the orc
  8487 | D:8      | Reached skill level 13 in Axes
  8712 | D:9      | Found a staircase to the Lair.
  8716 | Lair:1   | Entered Level 1 of the Lair of Beasts
  8781 | Lair:1   | Noticed Harold
  8807 | Lair:1   | Killed Harold
  8807 | Lair:1   | Reached skill level 10 in Fighting
  8856 | Lair:1   | Reached skill level 14 in Axes
  9319 | Lair:1   | Reached XP level 11. HP: 95/101 MP: 11/11
  9790 | Lair:1   | Noticed a black mamba
  9797 | Lair:1   | Killed a black mamba
  9797 | Lair:1   | Reached skill level 15 in Axes
 10154 | Lair:2   | Acquired Okawaru's second power
 10181 | Lair:2   | Received a gift from Okawaru
 11910 | Lair:3   | Reached skill level 16 in Axes
 12342 | Lair:3   | Reached skill level 10 in Armour
 13294 | Lair:4   | Received a gift from Okawaru
 13728 | Lair:4   | Reached XP level 12. HP: 109/111 MP: 4/13
 14019 | Lair:4   | Reached skill level 17 in Axes
 14712 | Lair:5   | Noticed an eight-headed hydra
 14870 | D:10     | Entered Level 10 of the Dungeon
 14877 | D:10     | Noticed Psyche
 14881 | D:10     | Killed Psyche
 16195 | D:10     | Reached skill level 18 in Axes
 16235 | D:10     | Found a staircase to the Orcish Mines.
 16365 | D:10     | Found a deep blue altar of Sif Muna.
 16499 | Orc:1    | Entered Level 1 of the Orcish Mines
 16819 | Orc:1    | Received a gift from Okawaru
 17125 | Orc:1    | Found a burning altar of Makhleb.
 17959 | Orc:3    | Found Huysiaz's Gadget Boutique.
 19529 | Orc:4    | Entered Level 4 of the Orcish Mines
 19553 | Orc:4    | Noticed Erica
 19576 | Orc:4    | Killed Erica
 19590 | Orc:4    | Reached XP level 13. HP: 103/122 MP: 4/14
 19610 | Orc:4    | Noticed Fannar
 19653 | Orc:4    | Killed Fannar
 19911 | Orc:4    | Noticed an ogre mage
 19937 | Orc:3    | Reached skill level 19 in Axes
 19947 | Orc:3    | HP: 1/122 [orc wizard/glowing dagger (20)]
 19949 | Orc:3    | Mangled by an orc wizard

Action                   |  1- 3 |  4- 6 |  7- 9 | 10-12 | 13-15 || total
-------------------------+-------+-------+-------+-------+-------++-------
Melee: War axe           |    97 |   188 |   637 |       |       ||   922
       Battleaxe         |       |       |    42 |   272 |       ||   314
       Executioner's axe |       |       |       |   695 |    79 ||   774
Throw: Stone             |       |       |     4 |       |       ||     4
Invok: Heroism           |       |       |       |     3 |     1 ||     4
  Use: Potion            |       |     1 |     2 |     6 |     1 ||    10
       Scroll            |       |       |     6 |    15 |       ||    21
